 Dungeon Crawl Stone Soup version 0.28-a0-479-g5baa6b73be (webtiles) character file.

Game seed: 2735792291977969436

18 Tocho the Grave Robber (level 2, 0/20 HPs)
             Began as a Vampire Necromancer on Sept 7, 2021.
             Slain by an adder (2 damage)
             ... on level 2 of the Dungeon on Sept 17, 2021.
             The game lasted 00:03:09 (918 turns).

Tocho the Grave Robber (Vampire Necromancer)         Turns: 918, Time: 00:03:09

Health: 0/20       AC:  2    Str:  7    XL:     2   Next: 51%
Magic:  5/5        EV: 12    Int: 17    God:
Gold:   20         SH:  0    Dex: 14    Spells: 4/5 levels left

rFire   . . .      SeeInvis +   j - +0 dagger
rCold   . . .      Faith    .   (no shield)
rNeg    . . .      Spirit   .   a - +0 robe
rPois   .          Reflect  .   (no helmet)
rElec   .          Harm     .   (no cloak)
rCorr   .          Rampage  .   (no gloves)
Will    .....                   (no boots)
Stlth   ++........              (no amulet)
HPRegen 0.26/turn               (no ring)
MPRegen 0.09/turn               (no ring)

@: lethally poisoned (0 -> -2), healing quickly
A: alive, fangs 3, see invisible, vampiric 1
a: Exsanguinate


You were on level 2 of the Dungeon.
You visited 1 branch of the dungeon, and saw 2 of its levels.

You collected 20 gold pieces.

Inventory:

Hand Weapons
 e - a +0 whip
 j - a +0 dagger (weapon)
Armour
 a - a +0 robe (worn)
Scrolls
 c - a scroll of identify
 d - a scroll of vulnerability {unknown}
 g - 2 scrolls of teleportation {unknown}
 i - a scroll of fog {unknown}
Potions
 b - a potion of haste {unknown}
 f - a potion of might
 h - a potion of attraction {unknown}


   Skills:
 + Level 0.3 Fighting
 + Level 2.1 Dodging
 + Level 3.0 Stealth
 + Level 0.2 Unarmed Combat
 + Level 2.4 Spellcasting
 + Level 4.7 Necromancy


You had 4 spell levels left.
You knew the following spells:

 Your Spells              Type           Power      Damage    Failure   Level
a - Pain                  Necr           72%        1d7       2%          1

Your spell library contained the following spells:

 Spells                   Type           Power      Damage    Failure   Level
 Animate Skeleton         Necr           36%        N/A       2%          1
 Vampiric Draining        Necr           9%         2d7       8%          3
 Animate Dead             Necr           9%         N/A       26%         4
 Agony                    Necr           18%        N/A       58%         5


Dungeon Overview and Level Annotations

Branches:
Dungeon (2/15)

Altars:


Innate Abilities, Weirdness & Mutations

Your natural rate of healing is accelerated.
You have razor-sharp teeth.
You have supernaturally acute eyesight. (SInv)
You are afflicted with vampirism.


Message History

Press ? for a list of commands and other information.
You barely miss the bat.
The adder hisses angrily.
The bat misses you. The bat closely misses you.
You closely miss the bat. The bat barely misses you.
The bat closely misses you.
You hit the bat. Your bite misses the bat.
The bat is moderately wounded.
The bat hits you.
You hit the bat but do no damage. The bat closely misses you.
You hit the bat.
The bat is severely wounded.
The bat hits you but does no damage. The adder barely misses you.
The bat closely misses you.
You hit the adder but do no damage. You bite the adder, but do no damage.
The bat hits you but does no damage. The adder bites you.
The bat barely misses you. The adder barely misses you.
You miss the bat.
The bat is severely wounded.
The bat barely misses you. The adder barely misses you.
You hit the bat.
You kill the bat!
The adder barely misses you.
You closely miss the adder. The adder bites you.
You are poisoned.
The adder poisons you! The hobgoblin closely misses you. The adder bites you.
* * * LOW HITPOINT WARNING * * *
You hit the adder.
The adder is lightly wounded.
You feel sick. The adder bites you but does no damage. The hobgoblin hits you.
* * * LOW HITPOINT WARNING * * *
You hit the hobgoblin but do no damage.
* * * LOW HITPOINT WARNING * * *
You feel sick. The adder barely misses you. The hobgoblin misses you.
As you read the scroll labelled TULUHU PEEP, it crumbles to dust.
It is a scroll of identify.
f - a potion of might
* * * LOW HITPOINT WARNING * * *
You feel sick. The adder bites you.
You die...

.. #. #. #. .# #.##.#
..#.# #S#.# #@#.#
#g#=# #S#.# #Jg.#
##.J# #####..#####
#............
##########.....>..)...
......................


You could see an adder, an endoplasm, 2 hobgoblins and a ball python.

Vanquished Creatures
  A dart slug (D:1)
  A ball python (D:1)
  2 endoplasms (D:1)
  A goblin (D:1)
  2 hobgoblins (D:1)
  2 jackals (D:1)
  2 bats
  A frilled lizard (D:1)
  3 kobolds (D:1)
15 creatures vanquished.

Notes
Turn   | Place    | Note
-------+----------+-------------------------------------------
     0 | D:1      | Tocho the Vampire Necromancer began the quest for the Orb.
     0 | D:1      | Reached XP level 1. HP: 13/13 MP: 3/3
   268 | D:1      | Found a faded altar of an unknown god.
   394 | D:1      | Reached XP level 2. HP: 16/19 MP: 0/5
   907 | D:2      | Upgraded the game from 0.28-a0-413-gde365fb1df to
                  | 0.28-a0-479-g5baa6b73be
   918 | D:2      | Slain by an adder

Illustrated notes

Levels and vault maps discovered:
D:1:      wander_arrival_chamber, layout_basic, serial_rivers,
          chequers_serial_rivers_micro_a, chequers_serial_rivers_small_3,
          chequers_serial_rivers_small_a, chequers_serial_rivers_micro_c,
          shapermc_ecumenical_altar_ellora
D:2:      layout_basic

Action                   || total
-------------------------++-------
Melee: Unarmed           ||    12
       Whip              ||    12
       Dagger            ||    12
       Bite              ||     2
 Cast: Pain              ||    21
  Use: Scroll            ||     1
Armor: Robe              ||    14
Dodge: Dodged            ||    41

Table legend: (Time is in decaauts)
 A = Elapsed time spent in this place.
 B = Non-inter-level travel time spent in this place.
 C = Inter-level travel time spent in this place.
 D = Time resting spent in this place.
 E = Time spent auto-exploring this place.
 F = Levels seen in this place.
 G = Mean time per level.
                   A        B        C        D        E       F      G
               +--------+--------+--------+--------+--------+-----+--------+
         Total |    920 |    858 |     62 |      0 |    680 |   2 |  460.0 |
       Dungeon |    920 |    858 |     62 |      0 |    680 |   2 |  460.0 |
               +--------+--------+--------+--------+--------+-----+--------+

Top non-repeatable levels by time:
     D:1: 887 daAuts
     D:2: 32 daAuts
